AA
HARRISBURG CAPITALS @ LAWRENCE PATRIOTS
08/08/2059
 
TOP OF THE 1ST
Harrisburg Capitals batting - Pitching for Lawrence Patriots : RHP Dante Franzen
Pitching: RHP Dante Franzen
Batting: LHB K.C. Subagja 0-0: Called Strike
0-1: Ball
1-1: Ball
2-1: SINGLE (Groundball, 34D, EV 106.2 MPH)
Batting: RHB Eli Turner 0-0: Called Strike
0-1: Foul Ball, location: 2F
0-2: SINGLE (Groundball, 6S, EV 69.4 MPH) (infield hit)
K.C. Subagja to second
Batting: LHB Carnell Sighel 0-0: Ball
1-0: Called Strike
1-1: Called Strike
1-2: Ball
2-2: Ball
3-2: Strikes out swinging
Batting: RHB Garrett Flickinger 0-0: Called Strike
K.C. Subagja steals 3rd base
Eli Turner to second
0-1: Foul Ball, location: 2F
0-2: Strikes out swinging
Batting: RHB Jesse Vala 0-0: Ball
1-0: Called Strike
1-1: Ball
2-1: Ball
3-1: Swinging Strike
3-2: Ground out 6-3 (Groundball, 6, EV 83.8 MPH)
Top of the 1st over - 0 runs, 2 hits, 0 errors, 2 left on base; Harrisburg 0 - Lawrence 0
BOTTOM OF THE 1ST
Lawrence Patriots batting - Pitching for Harrisburg Capitals : LHP Del Jones
Pitching: LHP Del Jones
Batting: RHB Malik Donnell 0-0: Ball
1-0: SINGLE (Groundball, 34D, EV 96.2 MPH)
Batting: LHB Kenny Jackson 0-0: Called Strike
0-1: Ground out 6-3 (Groundball, P, EV 86.2 MPH)
Malik Donnell to second
Batting: RHB Isaac Murphy 0-0: Ball
1-0: Ball
2-0: Ball
3-0: Called Strike
3-1: Foul Ball, location: 2F
3-2: Foul Ball, location: 2F
3-2: Base on Balls
Batting: SHB Donovan Craven 0-0: Foul Ball, location: 2F
0-1: Foul Ball, location: 2F
0-2: Ball
1-2: Foul Ball, location: 2F
1-2: Ball
2-2: Fly out, F9 (Line Drive, 89S, EV 95.0 MPH)
Batting: LHB Phillip Smith 0-0: Ground out 6-3 (Groundball, 6MD, EV 101.2 MPH)
Bottom of the 1st over - 0 runs, 1 hit, 0 errors, 2 left on base; Harrisburg 0 - Lawrence 0
TOP OF THE 2ND
Harrisburg Capitals batting - Pitching for Lawrence Patriots : RHP Dante Franzen
Batting: LHB Beau Jindrisek 0-0: Swinging Strike
0-1: SINGLE (Line Drive, 9S, EV 102.5 MPH)
Batting: RHB Zack Jackson 0-0: Called Strike
0-1: Swinging Strike
0-2: Ball
1-2: Strikes out swinging
Batting: RHB Jim Shelley 0-0: Ball
1-0: SINGLE (Groundball, 6MD, EV 100.0 MPH)
Beau Jindrisek to second
Batting: RHB Deric Sykora 0-0: Ball
1-0: Foul Ball, location: 2F
1-1: Ball
2-1: Fly out, F3 (Popup, 3S, EV 85.0 MPH)
Batting: LHB K.C. Subagja 0-0: Called Strike
0-1: Ball
1-1: Foul Ball, location: 2F
1-2: Strikes out swinging
Top of the 2nd over - 0 runs, 2 hits, 0 errors, 2 left on base; Harrisburg 0 - Lawrence 0
BOTTOM OF THE 2ND
Lawrence Patriots batting - Pitching for Harrisburg Capitals : LHP Del Jones
Batting: RHB Braden Preuss 0-0: SINGLE (Groundball, 6MD, EV 103.8 MPH)
Batting: RHB Obie Simbolon 0-0: Ball
1-0: Ball
2-0: Called Strike
2-1: Foul Ball, location: 2F
2-2: Strikes out swinging
Batting: LHB Jansen Stites 0-0: Ball
1-0: Called Strike
1-1: Swinging Strike
1-2: Foul Ball, location: 2F
1-2: Strikes out looking
Batting: SHB Porter Thompson 0-0: Called Strike
0-1: Ball
1-1: Ball
2-1: Ball
3-1: Base on Balls
Braden Preuss to second
Batting: RHB Malik Donnell 0-0: Ball
1-0: Ball
2-0: Called Strike
2-1: Ball
3-1: Foul Ball, location: 2F
3-2: Strikes out swinging
Bottom of the 2nd over - 0 runs, 1 hit, 0 errors, 2 left on base; Harrisburg 0 - Lawrence 0
TOP OF THE 3RD
Harrisburg Capitals batting - Pitching for Lawrence Patriots : RHP Dante Franzen
Batting: RHB Eli Turner 0-0: Foul Ball, location: 2F
0-1: Ball
1-1: Ground out 4-3 (Groundball, 4M, EV 101.9 MPH)
Batting: LHB Carnell Sighel 0-0: Swinging Strike
0-1: Ground out U3 (Groundball, 3, EV 90.6 MPH)
Batting: RHB Garrett Flickinger 0-0: Ball
1-0: Ball
2-0: Swinging Strike
2-1: Fly out, F4 (Popup, 34, EV 63.1 MPH)
Top of the 3rd over - 0 runs, 0 hits, 0 errors, 0 left on base; Harrisburg 0 - Lawrence 0
BOTTOM OF THE 3RD
Lawrence Patriots batting - Pitching for Harrisburg Capitals : LHP Del Jones
Batting: LHB Kenny Jackson 0-0: Ball
1-0: SINGLE (Line Drive, 7LS, EV 86.9 MPH)
Batting: RHB Isaac Murphy 0-0: Ball
1-0: Called Strike
1-1: Called Strike
1-2: Foul Ball, location: 2F
1-2: SINGLE (Line Drive, 9S, EV 103.8 MPH)
Kenny Jackson to second
Batting: SHB Donovan Craven 0-0: Ball
1-0: Ball
2-0: Called Strike
2-1: Foul Ball, location: 2F
2-2: Foul Ball, location: 2F
2-2: Ball
3-2: Strikes out swinging
Batting: LHB Phillip Smith 0-0: Ball
1-0: Foul Ball, location: 2F
1-1: Called Strike
1-2: Strikes out swinging
Batting: RHB Braden Preuss 0-0: Foul Ball, location: 2F
0-1: Ball
1-1: Foul Ball, location: 2F
1-2: Foul Ball, location: 2F
1-2: Fly out, F8 (Flyball, 8RD, EV 92.5 MPH)
Bottom of the 3rd over - 0 runs, 2 hits, 0 errors, 2 left on base; Harrisburg 0 - Lawrence 0
TOP OF THE 4TH
Harrisburg Capitals batting - Pitching for Lawrence Patriots : RHP Dante Franzen
Batting: RHB Jesse Vala 0-0: Ball
1-0: Ball
2-0: Foul Ball, location: 2F
2-1: Called Strike
2-2: SINGLE (Line Drive, 89M, EV 111.9 MPH)
Batting: LHB Beau Jindrisek 0-0: Ball
1-0: Called Strike
1-1: Fielders Choice at 2nd, 6-4 (Groundball, 6, EV 93.1 MPH)
Batting: RHB Zack Jackson 0-0: Ball
1-0: Ball
2-0: Grounds into double play, 5-4-3 (Groundball, 5L, EV 103.1 MPH)
Top of the 4th over - 0 runs, 1 hit, 0 errors, 0 left on base; Harrisburg 0 - Lawrence 0
BOTTOM OF THE 4TH
Lawrence Patriots batting - Pitching for Harrisburg Capitals : LHP Del Jones
Batting: RHB Obie Simbolon 0-0: Ball
1-0: Ball
2-0: Fly out, F7 (Line Drive, 7LS, EV 93.8 MPH)
Batting: LHB Jansen Stites 0-0: Ball
1-0: Ball
2-0: Ground out 4-3 (Groundball, 4, EV 93.8 MPH)
Batting: SHB Porter Thompson 0-0: Called Strike
0-1: Foul Ball, location: 2F
0-2: Ball
1-2: Foul Ball, location: 2F
1-2: Strikes out swinging
Bottom of the 4th over - 0 runs, 0 hits, 0 errors, 0 left on base; Harrisburg 0 - Lawrence 0
TOP OF THE 5TH
Harrisburg Capitals batting - Pitching for Lawrence Patriots : RHP Dante Franzen
Batting: RHB Jim Shelley 0-0: Ball
1-0: Ball
2-0: Called Strike
2-1: Ball
3-1: Fly out, F8 (Flyball, 8LD, EV 96.9 MPH)
Batting: RHB Deric Sykora 0-0: Ball
1-0: Called Strike
1-1: Swinging Strike
1-2: Strikes out swinging
Batting: LHB K.C. Subagja 0-0: Called Strike
0-1: Foul Ball, location: 2F
0-2: Fly out, F6 (Flyball, 5D, EV 89.4 MPH)
Top of the 5th over - 0 runs, 0 hits, 0 errors, 0 left on base; Harrisburg 0 - Lawrence 0
BOTTOM OF THE 5TH
Lawrence Patriots batting - Pitching for Harrisburg Capitals : LHP Del Jones
Batting: RHB Malik Donnell 0-0: Called Strike
0-1: Fly out, F8 (Line Drive, 8LD, EV 93.8 MPH)
Batting: LHB Kenny Jackson 0-0: Swinging Strike
0-1: Foul Ball, location: 2F
0-2: Ball
1-2: Strikes out swinging
Batting: RHB Isaac Murphy 0-0: Ball
1-0: Ground out 3-1 (Groundball, 34S, EV 82.5 MPH)
Bottom of the 5th over - 0 runs, 0 hits, 0 errors, 0 left on base; Harrisburg 0 - Lawrence 0
TOP OF THE 6TH
Harrisburg Capitals batting - Pitching for Lawrence Patriots : RHP Dante Franzen
Batting: RHB Eli Turner 0-0: Ball
1-0: Called Strike
1-1: Foul Ball, location: 2F
1-2: Ball
2-2: Foul Ball, location: 2F
2-2: Strikes out swinging
Batting: LHB Carnell Sighel 0-0: Ball
1-0: Ball
2-0: Called Strike
2-1: Called Strike
2-2: SINGLE (Groundball, 3D, EV 105.0 MPH)
Batting: RHB Garrett Flickinger 0-0: Fly out, F9 (Flyball, 89M, EV 86.2 MPH)
Batting: RHB Jesse Vala 0-0: Foul Ball, location: 2F
0-1: Foul Ball, location: 2F
0-2: Foul Ball, location: 2F
0-2: Fly out, F9 (Flyball, 89M, EV 76.2 MPH)
Top of the 6th over - 0 runs, 1 hit, 0 errors, 1 left on base; Harrisburg 0 - Lawrence 0
BOTTOM OF THE 6TH
Lawrence Patriots batting - Pitching for Harrisburg Capitals : LHP Del Jones
Batting: SHB Donovan Craven 0-0: Called Strike
0-1: Ball
1-1: Ball
2-1: Foul Ball, location: 2F
2-2: Ball
3-2: Ground out 6-3 (Groundball, 6M, EV 79.4 MPH)
Batting: LHB Phillip Smith 0-0: Called Strike
0-1: Called Strike
0-2: Strikes out looking
Batting: RHB Braden Preuss 0-0: Swinging Strike
0-1: Ball
1-1: SINGLE (Line Drive, 7S, EV 90.6 MPH)
Batting: RHB Obie Simbolon 0-0: Ball
1-0: Fly out, F4 (Flyball, 34D, EV 89.4 MPH)
Bottom of the 6th over - 0 runs, 1 hit, 0 errors, 1 left on base; Harrisburg 0 - Lawrence 0
TOP OF THE 7TH
Harrisburg Capitals batting - Pitching for Lawrence Patriots : RHP Dante Franzen
Batting: LHB Beau Jindrisek 0-0: Foul Ball, location: 2F
0-1: Swinging Strike
0-2: Ball
1-2: Strikes out swinging, 2-3 out at first.
Batting: RHB Zack Jackson 0-0: Called Strike
0-1: Called Strike
0-2: Foul Ball, location: 2F
0-2: Foul Ball, location: 2F
0-2: Ball
1-2: Foul Ball, location: 2F
1-2: Foul Ball, location: 2F
1-2: Ground out 5-3 (Groundball, 56S, EV 82.5 MPH)
Batting: RHB Jim Shelley 0-0: Called Strike
0-1: Called Strike
0-2: Ball
1-2: Foul Ball, location: 2F
1-2: Strikes out swinging
Top of the 7th over - 0 runs, 0 hits, 0 errors, 0 left on base; Harrisburg 0 - Lawrence 0
BOTTOM OF THE 7TH
Lawrence Patriots batting - Pitching for Harrisburg Capitals : LHP Del Jones
Pitching: RHP Samuel Zimmerman
Batting: LHB Jansen Stites 0-0: Ball
1-0: Foul Ball, location: 2F
1-1: Ground out 6-3 (Groundball, 6, EV 108.1 MPH)
Batting: SHB Porter Thompson 0-0: Ball
1-0: Foul Ball, location: 2F
1-1: Ball
2-1: Called Strike
2-2: Ball
3-2: Foul Ball, location: 2F
3-2: Ground out 1-3 (Groundball, 13, EV 70.0 MPH)
Batting: RHB Malik Donnell 0-0: Swinging Strike
0-1: Ball
1-1: Called Strike
1-2: Ball
2-2: Ball
3-2: Strikes out swinging
Bottom of the 7th over - 0 runs, 0 hits, 0 errors, 0 left on base; Harrisburg 0 - Lawrence 0
TOP OF THE 8TH
Harrisburg Capitals batting - Pitching for Lawrence Patriots : RHP Dante Franzen
Pitching: RHP Theodore Hanger
Batting: RHB Deric Sykora 0-0: Ball
1-0: Ball
2-0: Ball
3-0: Called Strike
3-1: Base on Balls
Batting: LHB K.C. Subagja 0-0: Ball
1-0: Foul Ball, location: 2F
1-1: Swinging Strike
1-2: Strikes out swinging
Batting: RHB Eli Turner 0-0: Called Strike
0-1: Ball
1-1: Ball
2-1: Ball
3-1: Foul Ball, location: 2F
3-2: Grounds into double play, 5-4-3 (Groundball, 56, EV 76.9 MPH)
Top of the 8th over - 0 runs, 0 hits, 0 errors, 0 left on base; Harrisburg 0 - Lawrence 0
BOTTOM OF THE 8TH
Lawrence Patriots batting - Pitching for Harrisburg Capitals : RHP Samuel Zimmerman
Pitching: LHP Grant Walker
Batting: RHB Lloyd Fair 0-0: Ball
1-0: Foul Ball, location: 2F
1-1: Foul Ball, location: 2F
1-2: Ball
2-2: DOUBLE (Line Drive, 3D, EV 93.8 MPH)
Batting: RHB Isaac Murphy 0-0: Intentional Walk
Pinch Runner at 2nd Norville Flores:
Batting: SHB Donovan Craven 0-0: Ball
1-0: Fly out, F8 (Flyball, 8RD, EV 86.2 MPH)
Batting: LHB Phillip Smith 0-0: Called Strike
0-1: SINGLE (Groundball, 4M, EV 100.0 MPH) (infield hit)
Norville Flores to third
Isaac Murphy to second
Batting: RHB Braden Preuss 0-0: Ball
1-0: Foul Ball, location: 2F
1-1: Ball
2-1: SINGLE (Line Drive, 56, EV 97.5 MPH)
Norville Flores scores
Isaac Murphy to third
Phillip Smith to second
Runner from 3rd tries for Home, throw by LF and OUT! 7-2
Batting: RHB Obie Simbolon 0-0: Foul Ball, location: 2F
0-1: Ball
1-1: Foul Ball, location: 2F
1-2: SINGLE (Groundball, 6MD, EV 107.5 MPH)
Phillip Smith to third
Braden Preuss to second
Runner from 3rd tries for Home, SAFE, throw by CF to home
Batting: LHB Jansen Stites 0-0: Ball
1-0: Foul Ball, location: 2F
1-1: Foul Ball, location: 2F
1-2: Foul Ball, location: 2F
1-2: Fly out, F8 (Flyball, 8LM, EV 88.8 MPH)
Bottom of the 8th over - 2 runs, 4 hits, 0 errors, 2 left on base; Harrisburg 0 - Lawrence 2
TOP OF THE 9TH
Harrisburg Capitals batting - Pitching for Lawrence Patriots : RHP Theodore Hanger
Pitching: RHP Bailey Sharples
Batting: LHB Carnell Sighel 0-0: Ball
1-0: Called Strike
1-1: Called Strike
1-2: Strikes out swinging
Batting: RHB Garrett Flickinger 0-0: Called Strike
0-1: Ball
1-1: Ball
2-1: Swinging Strike
2-2: Strikes out swinging
Batting: RHB Jesse Vala 0-0: Ball
1-0: Ball
2-0: Ball
3-0: Base on Balls
Batting: LHB Beau Jindrisek 0-0: Ball
1-0: Fly out, F9 (Line Drive, 9LS, EV 87.5 MPH)
Top of the 9th over - 0 runs, 0 hits, 0 errors, 1 left on base; Harrisburg 0 - Lawrence 2
Thursday, March 21st , 2024 - OOTP Baseball 23.10 Build 110